 Seeded DCSS version 0.29.1-2-gbd0b4ee654 (webtiles) character file.

Game seed: 1248076946616818090 (custom seed)

12390 kingsuperguy the Basher (level 11, -2/95 HPs)
             Began as a Minotaur Berserker on Nov 28, 2022.
             Was a High Priest of Trog.
             Slain by a death yak (7 damage)
             ... on level 2 of the Lair of Beasts.
             The game lasted 00:23:37 (10130 turns).

kingsuperguy the Basher (Minotaur Berserker)       Turns: 10130, Time: 00:23:37

Health: -2/95      AC: 16    Str: 28    XL:     11   Next: 61%
Magic:  19/19      EV: 12    Int:  3    God:    Trog [*****.]
Gold:   458        SH:  0    Dex: 10    Spells: 10/10 levels left

rFire   . . .      SeeInvis .   J - +1 dire flail of the Slime-mould {flame, rPois MP+9 Str+4 Int-5}
rCold   + . .      Faith    .   (shield currently unavailable)
rNeg    . . .      Spirit   .   b - +1 ring mail of Stoicism {Int+2}
rPois   +          Reflect  .   (helmet restricted)
rElec   .          Harm     .   z - +1 cloak
rCorr   .          Rampage  .   k - +1 pair of gloves
Will    .....                   K - +0 pair of boots
Stlth   +.........              C - amulet of regeneration
HPRegen 1.05/turn               I - ring of protection from cold
MPRegen 0.16/turn               (no ring)

@: studying Throwing
A: horns 2, retaliatory headbutt
a: Renounce Religion, Berserk, Trog's Hand, Brothers in Arms


You were on level 2 of the Lair of Beasts.
You worshipped Trog.
Trog was extremely pleased with you.
You visited 2 branches of the dungeon, and saw 10 of its levels.
You also visited: Gauntlet.

You collected 458 gold pieces.

Inventory:

Hand Weapons
 a - a +0 mace
 y - a +2 quarterstaff of chaos
 F - a +1 whip of freezing
 J - the +1 dire flail of the Slime-mould (weapon) {flame, rPois MP+9 Str+4 Int-5}
   (You acquired it on level 6 of the Dungeon)

   It burns those it strikes, dealing additional fire damage.
   Str:       It affects your strength (+4).
   Int:       It affects your intelligence (-5).
   rPois:     It protects you from poison.
   MP:        It affects your magic capacity (+9).
 Q - a -2 demon whip of venom
Missiles
 i - 6 javelins (quivered)
 H - 2 throwing nets
Armour
 b - the +1 ring mail of Stoicism (worn) {Int+2}
   (You found it on level 1 of the Lair of Beasts)

   Int:       It affects your intelligence (+2).
 c - the +2 robe of Impatience {rElec rPois rN+}
   (You found it on level 1 of the Lair of Beasts)

   rElec:     It insulates you from electricity.
   rPois:     It protects you from poison.
   rN:        It protects you from negative energy.
 g - a +0 chain mail
 k - a +1 pair of gloves (worn)
 s - a +0 pair of boots
 z - a +1 cloak (worn)
 K - a +0 pair of boots (worn)
 R - a +0 kite shield
 U - the +1 cloak of the Histrionic God {rN+}
   (You found it in a Gauntlet)

   rN:        It protects you from negative energy.
 Z - a +0 plate armour
Jewellery
 q - a ring of ice
 x - a ring of flight
 C - an amulet of regeneration (around neck)
 I - a ring of protection from cold (left hand)
 M - a ring of protection from fire
 S - a ring of resist corrosion
 V - an amulet of reflection
Wands
 N - a wand of mindburst (23)
 X - a wand of iceblast (4)
 Y - a wand of flame (3)
Scrolls
 d - 5 scrolls of teleportation
 e - 4 scrolls of enchant weapon
 h - 2 scrolls of amnesia
 l - 4 scrolls of brand weapon
 m - a scroll of silence {unknown}
 n - 2 scrolls of torment {unknown}
 p - 3 scrolls of acquirement
 w - 2 scrolls of fear {unknown}
 A - a scroll of vulnerability {unknown}
 B - 2 scrolls of butterflies {unknown}
 D - 5 scrolls of poison
 E - a scroll of immolation {unknown}
 G - 3 scrolls of summoning
 O - 2 scrolls of magic mapping {unknown}
 T - a scroll of blinking {unknown}
 W - 4 scrolls of identify
Potions
 f - 4 potions of lignification
 j - 7 potions of curing
 o - a potion of degeneration {unknown}
 r - 2 potions of heal wounds
 t - 3 potions of attraction {unknown}
 u - a potion of ambrosia {unknown}
 v - a potion of flight {unknown}
 L - 2 potions of resistance
 P - a potion of invisibility {unknown}


   Skills:
 + Level 8.7 Fighting
 + Level 14.1 Maces & Flails
 * Level 5.4 Throwing
 * Level 14.1 Armour
 + Level 4.6 Dodging
 + Level 2.0 Stealth


You had 10 spell levels left.
You didn't know any spells.
Your spell library was empty.

Dungeon Overview and Level Annotations

Branches:
Dungeon (8/15)             Temple (0/1) D:4            Lair (2/5) D:8
Gauntlet (visited)
  Swamp: Lair:2-3    Shoals: Lair:2-3     Snake: Lair:2-3    Spider: Lair:2-3

Altars:
Sif Muna
Trog
Xom

Shops:
D:8 ((?


Innate Abilities, Weirdness & Mutations

You have a pair of horns on your head.
You reflexively headbutt those who attack you in melee.


Message History

The death yak is lightly wounded.
The death yak gores you but does no damage.
You hit the death yak but do no damage.
You headbutt the death yak, but do no damage.
The death yak is lightly wounded.
You hit the death yak but do no damage.
You headbutt the death yak, but do no damage.
The death yak is lightly wounded.
The death yak gores you but does no damage.
You hit the death yak. You burn the death yak.
The death yak is lightly wounded.
You hit the death yak. You burn the death yak.
The death yak is lightly wounded.
You hit the death yak but do no damage.
The death yak is lightly wounded.
The death yak closely misses you.
You hit the death yak. You burn the death yak.
The death yak is moderately wounded.
You hit the death yak but do no damage. You headbutt the death yak.
The death yak is moderately wounded.
The death yak gores you but does no damage.
The death yak gores you! x2; The death yak gores you!!
You hit the death yak. You burn the death yak.
Your headbutt misses the death yak.
The death yak is heavily wounded.
The death yak gores you but does no damage.
The death yak gores you! The death yak closely misses you.
The death yak gores you!
You are too injured to fight recklessly!
The death yak closely misses you. The death yak gores you!
* * * LOW HITPOINT WARNING * * *
The death yak gores you!
* * * LOW HITPOINT WARNING * * *
The death yak gores you but does no damage.
Okay, then.
You feel much better. The death yak gores you!!
* * * LOW HITPOINT WARNING * * *
The death yak gores you but does no damage.
The death yak barely misses you. The death yak gores you!
You die...

### #######)...P ##..##
#...........
#.#..####.........<. #
##.....##.#..........
##.#......P##...........
#.#.....................
##......................
#.....Y.................
......Y@................
......YY.........#......
.................#...
................#.#..
...............#.##
.................#
................##
.................
............#


You could see 4 death yaks.

Vanquished Creatures
  A minotaur (Gauntlet)
  A hydra (Lair:1)
  A catoblepas (Lair:1)
  Erica (Lair:1)
  Amaemon (Lair:1)
  Pikel (D:5)
  2 black mambas (Lair:1)
  An apocalypse crab (Gauntlet)
  2 cane toads (Lair:1)
  An orange demon (Lair:1)
  A gargoyle (D:8)
  3 meliai (Gauntlet)
  14 blink frogs (Lair:1)
  A yak (D:8)
  2 wyverns
  Duvessa (D:4)
  4 water moccasins (D:8)
  2 ice beasts
  An orc warrior (D:8)
  3 black bears
  An ogre (D:4)
  A centaur (D:8)
  3 lemures (D:5)
  A phantom (D:5)
  2 kobold brigands
  Blork the orc (D:5)
  8 bullfrogs
  2 scorpions
  A gnoll sergeant (D:8)
  Dowan (D:4)
  3 hounds
  3 orc priests
  Crazy Yiuf (D:3)
  3 gnoll boudas
  3 iguanas
  5 orc wizards
  Robin (D:3)
  8 adders
  25 gnolls
  A shadow imp (D:5)
  2 ufetubi
  A dart slug (D:4)
  20 orcs
  9 bats
  8 endoplasms
  9 giant cockroaches
  15 goblins
  10 hobgoblins
  14 jackals
  19 kobolds
  3 quokkas
  5 ball pythons
  8 frilled lizards
  3 rats
244 creatures vanquished.

Vanquished Creatures (others)
  14 demonic plants (Gauntlet)
  31 fungi
  42 plants
  4 withered plants (Gauntlet)
91 creatures vanquished.

Grand Total: 335 creatures vanquished

Notes
Turn   | Place    | Note
-------+----------+-------------------------------------------
     0 | D:1      | kingsuperguy the Minotaur Berserker began the quest for the
                  | Orb.
     0 | D:1      | Reached XP level 1. HP: 19/19 MP: 0/0
    84 | D:1      | Reached XP level 2. HP: 9/27 MP: 1/1
   697 | D:1      | Reached XP level 3. HP: 33/33 MP: 2/2
   734 | D:1      | Reached ** piety under Trog
  1545 | D:2      | Reached XP level 4. HP: 41/41 MP: 3/3
  2149 | D:3      | Reached skill level 5 in Maces & Flails
  2607 | D:3      | Found a runed translucent door.
  2608 | D:3      | Noticed Crazy Yiuf
  2670 | D:3      | Reached XP level 5. HP: 45/47 MP: 4/4
  2789 | D:3      | Noticed Robin
  2803 | D:3      | Killed Robin
  2806 | D:3      | Reached *** piety under Trog
  3569 | D:3      | Killed Crazy Yiuf
  3993 | D:4      | Found a staircase to the Ecumenical Temple.
  4097 | D:4      | Noticed an ogre
  4099 | D:4      | Noticed Duvessa
  4104 | D:4      | Noticed Dowan
  4105 | D:4      | Killed Duvessa
  4106 | D:4      | Reached XP level 6. HP: 46/53 MP: 5/5
  4111 | D:4      | Killed Dowan
  4114 | D:4      | Reached skill level 5 in Armour
  4309 | D:4      | Identified 4 scrolls of acquirement
  4580 | D:5      | Entered Level 5 of the Dungeon
  4662 | D:5      | Noticed Blork the orc
  4672 | D:5      | Killed Blork the orc
  4673 | D:5      | Reached skill level 5 in Fighting
  4673 | D:5      | Reached XP level 7. HP: 39/61 MP: 6/6
  5056 | D:5      | Found a bloodstained altar of Trog.
  5625 | D:5      | Noticed Pikel
  5642 | D:5      | Killed Pikel
  5643 | D:5      | Reached XP level 8. HP: 47/69 MP: 7/7
  6655 | D:6      | Reached skill level 10 in Maces & Flails
  6669 | D:6      | Reached **** piety under Trog
  6852 | D:7      | Reached XP level 9. HP: 73/75 MP: 8/8
  6852 | D:7      | Acquired the +1 dire flail of the Slime-mould {flame, rPois
                  | MP+9 Str+4 Int-5}
  6929 | D:7      | Found a shimmering altar of Xom.
  7560 | D:8      | Found Saraerui's Weapon Boutique.
  7640 | D:8      | Reached skill level 10 in Armour
  7649 | D:8      | Reached ***** piety under Trog
  7792 | D:8      | Found a shimmering blue altar of Sif Muna.
  7796 | D:8      | Noticed a gargoyle
  7801 | D:8      | Killed a gargoyle
  7802 | D:8      | Reached XP level 10. HP: 86/86 MP: 9/9
  7884 | D:8      | Found Koivetaf's Antique Weapon Shop.
  7953 | D:8      | Found Sedduh's Magic Scroll Boutique.
  7961 | D:8      | Found a staircase to the Lair.
  7999 | Lair:1   | Entered Level 1 of the Lair of Beasts
  7999 | Lair:1   | Noticed Erica
  8137 | Lair:1   | Killed Erica
  8179 | Lair:1   | Identified the +2 robe of Impatience {rElec rPois rN+}
  8240 | Lair:1   | Noticed an orange demon
  8243 | Lair:1   | Noticed Amaemon
  8244 | Lair:1   | Noticed a catoblepas
  8259 | Lair:1   | Killed a catoblepas
  8262 | Lair:1   | Killed Amaemon
  8268 | Lair:1   | Killed an orange demon
  8280 | Lair:1   | Found a gate leading to a gauntlet.
  8295 | Gauntlet | Entered a Gauntlet
  8295 | Gauntlet | Found a transporter.
  8299 | Gauntlet | Found a transporter.
  8314 | Gauntlet | Found a transporter.
  8318 | Gauntlet | Found a transporter.
  8329 | Gauntlet | Found a transporter.
  8340 | Gauntlet | Noticed an apocalypse crab
  8348 | Gauntlet | Noticed a death scarab
  8350 | Gauntlet | Found a transporter.
  8350 | Gauntlet | Noticed a death scarab
  8365 | Gauntlet | Noticed a quicksilver ooze
  8370 | Gauntlet | Found a transporter.
  8395 | Gauntlet | Found a transporter.
  8399 | Gauntlet | Found a transporter.
  8399 | Gauntlet | Noticed a wizard
  8403 | Gauntlet | Noticed a wizard
  8408 | Gauntlet | Found a transporter.
  8424 | Gauntlet | Noticed a large abomination
  8454 | Gauntlet | Reached skill level 1 in Stealth
  8496 | Gauntlet | Killed an apocalypse crab
  8497 | Gauntlet | Reached skill level 1 in Throwing
  8848 | Gauntlet | Identified the +1 cloak of the Histrionic God {rN+}
  8864 | Gauntlet | Noticed a minotaur
  8875 | Gauntlet | Killed a minotaur
  8876 | Gauntlet | Reached XP level 11. HP: 94/94 MP: 10/10
  9207 | Lair:1   | Identified the +1 ring mail of Stoicism {Int+2}
  9672 | Lair:1   | Reached skill level 5 in Throwing
  9717 | Lair:1   | Noticed a six-headed hydra
  9726 | Lair:1   | Killed a six-headed hydra
 10115 | Lair:2   | Noticed a death yak
 10117 | Lair:2   | Noticed a death yak
 10117 | Lair:2   | Noticed a death yak
 10117 | Lair:2   | Noticed a death yak
 10130 | Lair:2   | Slain by a death yak

Illustrated notes

Levels and vault maps discovered:
D:1:      dpeg_arrival_long_road, layout_basic
D:2:      layout_basic
D:3:      layout_basic, serial_aquarium, aquarium_bridge_square
          [aquarium_subvault_balcony, aquarium_subvault_bridge,
          aquarium_subvault_balcony, aquarium_subvault_window],
          aquarium_bridge_long_separate [aquarium_subvault_bridge,
          aquarium_subvault_balcony, aquarium_subvault_balcony,
          aquarium_subvault_wall, aquarium_subvault_bridge,
          aquarium_subvault_window], aquarium_window_2, aquarium_window_1,
          aquarium_window_1, aquarium_window_fake, aquarium_view_2c,
          aquarium_view_2c, aquarium_balcony_1b, uniq_robin,
          uniq_crazy_yiuf_cottage
D:4:      layout_cave_pools, minmay_temple_entry_mist, minmay_ruptured,
          uniq_duvessa
D:5:      layout_gridville, mainiacjoe_overflow_brackets, uniq_blork_the_orc,
          uniq_pikel
D:6:      layout_loops_cross
D:7:      layout_basic, mainiacjoe_overflow_small_starburst
D:8:      layout_rooms, due_lair_maze_entry_diamond, serial_shops, shop,
          nicolae_shop_bloodbath_and_beyond, shop, nicolae_take_the_stairs,
          hangedman_feature_mirror
Lair:1:   layout_chaotic_city, gauntlet_entry_generic,
          infiniplex_staircase_pool_2, uniq_amaemon, uniq_erica
Lair:2:   layout_cave_pods, minmay_snake_entry_guardpost_medium,
          lemuel_fruit_fields, grunt_megastairs_3

Skill      XL: |  1  2  3  4  5  6  7  8  9 10 11 |
---------------+----------------------------------+-----
Maces & Flails | 4 5 6 7 9 10 12 13 14 | 14.1
Fighting       | 4 5 6 7 8 |  8.7
Armour         | 3 4 5 7 9 11 13 14 | 14.1
Dodging        | 3 4 |  4.6
Stealth        | 1 2 |  2.0
Throwing       | 2 5 |  5.4

Action                   |  1- 3 |  4- 6 |  7- 9 | 10-12 || total
-------------------------+-------+-------+-------+-------++-------
Melee: Mace              |   118 |   137 |   185 |       ||   440
       Headbutt          |     6 |    20 |    68 |    35 ||   129
       Punch             |     1 |       |     2 |       ||     3
       Dire flail        |       |       |   114 |   202 ||   316
Throw: Javelin           |       |       |       |     3 ||     3
Invok: Berserk           |       |     5 |     3 |     3 ||    11
  Use: Potion            |       |     1 |       |     1 ||     2
       Scroll            |       |     1 |     1 |     8 ||    10
 Stab: Petrified         |       |       |       |     3 ||     3
Armor: Animal skin       |     6 |       |       |       ||     6
       Chain mail        |    53 |   110 |   215 |    50 ||   428
       Ring mail         |       |       |       |    30 ||    30
Dodge: Dodged            |    80 |    70 |   157 |    70 ||   377
